 Dungeon Crawl Stone Soup version 0.22-a0-515-g75794bf (webtiles) character file.

86 Amnesiac the Caller (level 4, -3/23 HPs)
             Began as a Spriggan Summoner on June 19, 2018.
             Slain by Menkaure (16 damage)
             ... on level 4 of the Dungeon.
             The game lasted 00:08:54 (1623 turns).

Amnesiac the Caller (Spriggan Summoner)             Turns: 1623, Time: 00:08:55

Health: -3/23      AC:  2    Str:  4    XL:     4   Next: 27%
Magic:  14/18      EV: 18    Int: 17    God:
Gold:   44         SH:  0    Dex: 16    Spells: 1/9 levels left

rFire    + . .     SeeInvis +   h - +0 dagger
rCold    . . .     Gourm    .   (shield restricted)
rNeg     . . .     Faith    .   a - +0 robe
rPois    .         Spirit   .   (helmet restricted)
rElec    .         Reflect  .   (no cloak)
rCorr    .         Harm     .   (gloves unavailable)
MR       .....                  (boots unavailable)
Stlth    ++........             (no amulet)
HPRegen  0.07/turn              b - ring of magical power
MPRegen  0.16/turn              e - ring of protection from fire

@: very quick
A: very small, unfitting armour, see invisible, herbivore, speed 3, slow
metabolism 2
a: no special abilities


You were on level 4 of the Dungeon.
You were not hungry.

You visited 1 branch of the dungeon, and saw 4 of its levels.

You collected 44 gold pieces.

Inventory:

Hand Weapons
 h - a +0 dagger (weapon)
Armour
 a - a +0 robe (worn)
Jewellery
 b - a ring of magical power (left hand)
 d - a +2 ring of dexterity
 e - a ring of protection from fire (right hand)
 g - an uncursed ring of protection from magic
Scrolls
 f - 3 scrolls of amnesia {!r, unknown}
 k - a scroll of identify {!r}
Potions
 i - a potion of mutation {!q, unknown}
 j - a potion of cancellation {!q, unknown}
Comestibles
 c - 3 rations


   Skills:
 - Level 2.0 Fighting
 + Level 2.8 Short Blades
 - Level 3.0 Dodging
 - Level 3.0 Stealth
 - Level 3.1 Spellcasting
 - Level 3.2 Summonings


You had one spell level left.
You knew the following spells:

 Your Spells              Type           Power        Failure   Level  Hunger
a - Call Canine Familiar  Summ           ##......     14%         3    ###....
b - Summon Small Mammal   Summ           ##..         4%          1    None
c - Summon Lightning Spi  Summ/Air       #.......     65%         4    ####...

Your spell library contained the following spells:

 Spells                   Type           Power        Failure   Level  Hunger
 Summon Ice Beast         Ice/Summ       #.......     65%         4    ####...
 Call Imp                 Summ           ##......     7%          2    ##.....
 Summon Guardian Golem    Hex/Summ       #.......     26%         3    ###....


Dungeon Overview and Level Annotations

Branches:
Dungeon (4/15)
 Temple: D:4-7

Altars:

Annotations:
D:4 Menkaure


Innate Abilities, Weirdness & Mutations

You are very small and have problems with some larger weapons.
You are too small for most types of armour.
You have supernaturally acute eyesight. (SInv)
You are a herbivore.
You cover ground extremely quickly.
You need to consume almost no food.


Message History

Okay, then.
Found a scroll of identify.
The orc shouts!
You hear a shout! x2; You hear an angry hiss.
The orc closely misses you.
An orc comes into view. It is wielding a whip.
Casting: Call Canine Familiar (safe; 14% risk of failure)
Confirm with . or Enter, or press ? or * to list all spells.
The orc hits you with a war axe.
Casting: Summon Small Mammal (safe; 4% risk of failure)
Confirm with . or Enter, or press ? or * to list all spells.
Casting: Summon Small Mammal (safe; 4% risk of failure)
Confirm with . or Enter, or press ? or * to list all spells.
The orc hits you with a war axe. The orc misses your quokka.
You hit the orc.
The orc is heavily wounded.
The orc dies!
Things that are here:
a war axe; an orc corpse You hit the orc.
The orc is heavily wounded.
The orc misses you.
The orc dies!
Found a scroll labeled BAZAERREAL.
Things that are here:
a whip; an orc corpse Menkaure, Prince of Dust comes into view.
Menkaure is nearby!
Menkaure is nearby!
Menkaure is nearby!
What are your orders? t - Shout!
Orders for allies: a - Attack new target. r - Retreat! s - Stop attacking. g - Guard the area. f - Follow me.
Anything else - Cancel.
Gang up on whom?
Press: ? - help, Dir - move target cursor, f - Menkaure
Aim: Menkaure (hasn't noticed you)
Okay, then.
Casting: Summon Small Mammal (safe; 4% risk of failure)
Confirm with . or Enter, or press ? or * to list all spells.
Menkaure shouts!
What are your orders? t - Shout!
Orders for allies: a - Attack new target. r - Retreat! s - Stop attacking. g - Guard the area. f - Follow me.
Anything else - Cancel.
Gang up on whom?
Press: ? - help, Dir - move target cursor, f - Menkaure
Aim: Menkaure Attack!
An ogre comes into view. It is wielding a giant spiked club.
You hit Menkaure.
Menkaure is moderately damaged.
You hit Menkaure but do no damage.
Menkaure is heavily damaged.
Menkaure gestures wildly while chanting.
Menkaure seems to speed up.
The ogre closely misses your hound.
You hit Menkaure.
Menkaure is severely damaged.
Menkaure hits you!
Ouch! That really hurt!
You die...

..........# ..........#
###### #.........######
#.....
#..............###.###.
#............?.+.#.# #.
#..............#.#.# ##
#.........##'#.....####
#.......b.#..........##
#.....@?.............##
#.....Mr.............+.
#.....hr.............##
###..O.#+#.....).....#.
#....# #....)......#.
#....# #...........#
#....# #...........#
...........###.......
#.#.### #.######


You could see an ogre, Menkaure, a friendly hound, a friendly quokka, a friendly
bat and a friendly rat.

Vanquished Creatures
  2 worms (D:2)
  A hobgoblin (D:2)
  A kobold (D:2)
  A frilled lizard (D:2)
  A rat (D:3)
6 creatures vanquished.

Vanquished Creatures (collateral kills)
  Jessica (D:3)
  Natasha (twice) (D:4)
  A worker ant (D:4)
  2 adders
  A worm (D:4)
  A dart slug (D:4)
  3 orcs
  A bat (D:2)
  A giant cockroach (D:1)
  A goblin (D:2)
  2 hobgoblins
  A quokka (D:2)
  A kobold (D:3)
  A rat (D:3)
19 creatures vanquished.

Grand Total: 25 creatures vanquished

Notes
Turn   | Place    | Note
-------+----------+-------------------------------------------
     0 | D:1      | Amnesiac the Spriggan Summoner began the quest for the Orb.
     0 | D:1      | Reached XP level 1. HP: 9/9 MP: 5/5
   387 | D:3      | Noticed Jessica
   390 | D:3      | Noticed an orc wizard
   406 | D:3      | Noticed an orc wizard
   507 | D:3      | Noticed an orc wizard
   526 | D:3      | Killed Jessica
   526 | D:3      | Reached skill level 1 in Fighting
   526 | D:3      | Reached XP level 2. HP: 10/14 MP: 0/7
   999 | D:2      | Reached XP level 3. HP: 18/18 MP: 8/8
  1004 | D:2      | Learned a level 3 spell: Call Canine Familiar
  1164 | D:4      | Reached skill level 1 in Short Blades
  1232 | D:4      | Noticed Natasha
  1249 | D:4      | Killed Natasha
  1409 | D:4      | Noticed Natasha
  1418 | D:4      | Killed Natasha
  1418 | D:4      | Reached XP level 4. HP: 19/23 MP: 9/9
  1459 | D:4      | Learned a level 4 spell: Summon Lightning Spire
  1614 | D:4      | Noticed Menkaure
  1617 | D:4      | Noticed an ogre
  1623 | D:4      | Slain by Menkaure

Vault maps used:
D:1:      dpeg_arrival_stonehenge_8_columns
D:2:      first_ration, uniq_crazy_yiuf_cottage
D:3:      uniq_grinder, uniq_jessica
D:4:      minmay_temple_entry_nine_rooms, uniq_menkaure, uniq_pikel,
          uniq_natasha

Skill      XL: |  1  2  3 |
---------------+----------+-----
Spellcasting   | 3 |  3.1
Fighting       | 1 2 |  2.0
Short Blades   | 2 |  2.8
Dodging        | |  3.0
Stealth        | |  3.0
Summonings     | |  3.2

Action                   |  1- 3 |  4- 6 || total
-------------------------+-------+-------++-------
Melee: Unarmed           |    23 |       ||    23
       Dagger            |    52 |    15 ||    67
 Cast: Summon Small Mamm |    48 |     4 ||    52
       Call Canine Famil |     6 |     2 ||     8
  Use: Scroll            |     2 |       ||     2
       Potion            |     2 |       ||     2
 Stab: Sleeping          |     3 |       ||     3
       Distracted        |     3 |       ||     3
Armor: Robe              |     6 |     1 ||     7
Dodge: Dodged            |    86 |     9 ||    95

Table legend:
 A = Spawn XP
 B = Non-spawn XP
 C = Spawn XP percentage of total XP
 D = Spawn monster count
 E = Non-spawn monster count
 F = Spawn count percentage of total count
 G = Total turns spent on level
                    A         B        C        D         E        F      G
               +---------+---------+-------+---------+---------+-------+---------
         Total |       0 |     124 |   0.0 |       0 |      25 |   0.0 |  1623
               +---------+---------+-------+---------+---------+-------+---------
           D:1 |       0 |       2 |   0.0 |       0 |       2 |   0.0 |   271
           D:2 |       0 |      24 |   0.0 |       0 |      10 |   0.0 |   561
           D:3 |       0 |      24 |   0.0 |       0 |       5 |   0.0 |   318
           D:4 |       0 |      74 |   0.0 |       0 |       8 |   0.0 |   473
               +---------+---------+-------+---------+---------+-------+---------
